AoeStats
← Rowdy

Baltic

510607883Analyzed
4v4 RM · 16h ago on Oct 1, 2026· 51m 3s· 8 players
Game mode
Random Map
Map size
Large (8 player)
Population
200
Speed
Normal
Resources
Standard
Victory
Conquest
Starting age
Dark Age
Ending age
Imperial Age
RankedLock teamsTeams togetherTeam positionsShared explorationLock speedFull tech treeHidden civsTurbo modeCheats
Victory
Defeat
🇨🇭 Shu · Switzerland
906
+14
🇺🇸 Goths · United States
862
+16
🇬🇧 Portuguese · United Kingdom
861
+16
🇮🇹 Ethiopians · Italy
844
+17
🇮🇳 Vikings · India
940
-20
🇮🇳 Japanese · India
897
-17
🇷🇺 Danes · Russia
804
-13
🇩🇪 Slavs · Germany
798
-13
Brido1970
11:48 Feudal Age
11:00 Loom
12:37 Double-Bit Axe
15:45 Gold Mining
19:18 Castle Age
18:37 Fletching
20:27 Bow Saw
22:49 Careening
22:59 Siphons
22:50 Guard Tower
23:25 Fishing Lines
24:01 Medium Warships
26:35 Horse Collar
28:13 Heavy Plow
34:19 Imperial Age
32:29 Wheelbarrow
32:11 Bodkin Arrow
32:26 Forging
32:57 Scale Barding Armor
35:24 Chain Barding Armor
34:35 Cavalier
36:28 Two-Man Saw
37:17 Iron Casting
37:21 Conscription
37:26 Stone Mining
39:39 Bloodlines
39:30 Husbandry
41:26 Plate Barding Armor
41:52 Blast Furnace
44:09 Pikeman
45:23 Murder Holes
45:49 Ballistics
44:55 Light Cavalry
48:24 Masonry
49:16 Chemistry
48:51 Bracer
48:25 Man-at-Arms
49:56 Long Swordsman
50:31 Two-Handed Swordsman
pelikanecho314
1:40 Loom
3:04 Loom
12:56 Feudal Age
14:14 Double-Bit Axe
14:21 Gold Mining
15:21 Fletching
19:37 Castle Age
20:16 Wheelbarrow
20:28 Medium Warships
20:28 Bodkin Arrow
22:45 Ballistics
23:39 Careening
23:40 Clinker Construction
24:47 Bow Saw
24:58 Hand Cart
24:34 Horse Collar
27:05 Town Watch
31:01 Imperial Age
28:30 Crossbowman
29:17 Heavy Plow
29:39 Pikeman
30:20 Squires
30:41 Thumb Ring
32:34 Heavy Warships
32:15 Bracer
33:25 Chemistry
33:14 Stone Mining
35:22 Two-Man Saw
35:31 Siege Engineers
35:47 Dry Dock
35:30 Fishing Lines
36:28 Caravan
37:15 Gold Shaft Mining
39:08 Padded Archer Armor
38:49 Arbalester
42:40 Leather Archer Armor
45:18 Conscription
45:01 Bolt Magazine
44:35 Elite White Feather Guard
45:51 Hoardings
45:16 Coiled Serpent Array
ML5
12:19 Feudal Age
13:06 Double-Bit Axe
16:05 Castle Age
15:15 Scale Barding Armor
16:04 Forging
17:41 Gold Mining
20:33 Iron Casting
22:56 Wheelbarrow
23:01 Chain Barding Armor
25:07 Wheelbarrow
28:04 Hand Cart
34:32 Imperial Age
33:50 Ballistics
34:43 Heavy Scorpion
38:01 Chemistry
38:04 Torsion Engines
40:23 Conscription
50:33 Elite Shotel Warrior
wild
0:28 Loom
10:25 Feudal Age
15:45 Castle Age
14:13 Double-Bit Axe
15:10 Horse Collar
22:17 Man-at-Arms
31:29 Gold Mining
33:44 Pikeman
33:44 Long Swordsman
34:26 Squires
37:13 Forging
37:04 Scale Mail Armor
38:28 Wheelbarrow
37:39 Town Watch
38:10 Bow Saw
38:03 Heavy Plow
41:05 Hand Cart
45:00 Imperial Age
43:07 Iron Casting
43:48 Anarchy
44:11 Chain Mail Armor
45:07 Two-Handed Swordsman
45:07 Halberdier
45:50 Perfusion
46:10 Conscription
46:57 Blast Furnace
45:45 Champion
49:15 Elite Huskarl
49:42 Treadmill Crane
49:57 Murder Holes
51:03 Chemistry
50:24 Ballistics
50:15 Masonry
49:56 Heated Shot
50:14 Scale Barding Armor
49:59 Fletching
_marcus_
11:21 Feudal Age
16:36 Castle Age
15:46 Horse Collar
16:22 Double-Bit Axe
21:05 Heavy Plow
23:07 Bow Saw
24:51 Wheelbarrow
28:25 Husbandry
28:48 Bloodlines
31:12 Hand Cart
31:56 Gold Mining
31:57 Stone Mining
Light
Rowdy
0:29 Loom
12:42 Feudal Age
12:50 Feudal Age
19:43 Castle Age
19:05 Horse Collar
20:04 Double-Bit Axe
20:35 Gold Mining
20:37 Stone Mining
24:22 Forging
24:12 Scale Mail Armor
27:22 Squires
31:54 Iron Casting
31:34 Chain Mail Armor
35:00 Imperial Age
32:45 Arson
35:54 Imperial Age
34:04 Heavy Plow
34:16 Bow Saw
34:43 Gold Shaft Mining
34:11 Chieftains
35:17 Chain Mail Armor
35:38 Iron Casting
36:39 Elite Varangian Guard
38:01 Conscription
39:50 Blast Furnace
40:24 Plate Mail Armor
44:19 Hoardings
SYNC
0:27 Loom
1:00 Loom
1:06 Loom
13:21 Feudal Age
14:36 Gold Mining
14:33 Double-Bit Axe
14:40 Horse Collar
17:14 Stone Mining
24:37 Scale Mail Armor
24:47 Forging
28:33 Castle Age
31:56 Squires
31:41 Arson
32:02 Heavy Plow
32:21 Chain Mail Armor
32:41 Iron Casting
32:49 Gold Shaft Mining
33:53 Wheelbarrow
Connection lost

Rejoining the realm…

Still unreachable

The connection could not be restored.

Session expired

The server has moved on; the page needs a fresh start.